 Dungeon Crawl Stone Soup version 0.32-a0-931-g5a2cda0630 (webtiles) character file.

Game seed: 13560747766474569152

97840 Griffin23 the Executioner (level 15, -6/146 HPs)
             Began as a Minotaur Berserker on Apr 13, 2024.
             Was a High Priest of Trog.
             Mangled by a nine-headed hydra (14 damage)
             ... on level 1 of the Swamp.
             The game lasted 00:50:28 (26329 turns).

Griffin23 the Executioner (Minotaur Berserker)     Turns: 26329, Time: 00:50:41

Health: -6/146     AC: 22    Str: 27    XL:     15   Next: 73%
Magic:  14/14      EV: 13    Int:  6    God:    Trog [*****.]
Gold:   1515       SH:  0    Dex: 10    Spells: 14/14 levels left

rFire   . . .        X - +5 executioner's axe (heavy)
rCold   + . .        (shield currently unavailable)
rNeg    . . .        i - +1 plate armour {rC+}
rPois   .            (helmet restricted)
rElec   .            a - +0 cloak
rCorr   .            (no gloves)
SInv    .            e - +0 pair of boots
Will    ++...        Z - amulet of regeneration Stlth
                     p - +5 ring of evasion
HPRegen 1.24/turn    u - ring of willpower
MPRegen 0.14/turn

%: no passive effects
@: about to teleport, very slow
A: horns 2, retaliatory headbutt
a: Renounce Religion, Berserk, Trog's Hand, Brothers in Arms


You were on level 1 of the Swamp.
You worshipped Trog.
Trog was extremely pleased with you.
You visited 4 branches of the dungeon, and saw 23 of its levels.
You also visited: Ossuary.

You collected 2886 gold pieces.
You spent 1371 gold pieces at shops.

Inventory:

Hand Weapons
 g - the +4 executioner's axe of the Spider Nest {flame, rPois Str+3 Dex+3}
   (Trog gifted it to you on level 14 of the Dungeon)

   Str+3:     It affects your strength (+3).
   Dex+3:     It affects your dexterity (+3).
   rPois:     It protects you from poison.
 y - a +3 battleaxe of venom
 X - a +5 heavy executioner's axe (weapon)
Armour
 a - a +0 cloak (worn)
 d - +0 ice dragon scales
 e - a +0 pair of boots (worn)
 i - a +1 plate armour of cold resistance (worn)
 o - a +0 kite shield
 U - a +0 plate armour
Jewellery
 b - a +6 ring of strength
 p - a +5 ring of evasion (left hand)
 u - a ring of willpower (right hand)
 v - a ring of resist corrosion
 L - an amulet of faith
 Z - an amulet of regeneration (around neck)
Wands
 F - a wand of quicksilver (1)
 I - a wand of digging (7)
 M - a wand of flame (21)
 Q - a wand of polymorph (6)
 W - a wand of warping (1)
 Y - a wand of mindburst (7)
Scrolls
 f - 3 scrolls of poison
 k - 2 scrolls of silence
 n - 2 scrolls of enchant armour {unknown}
 r - 8 scrolls of teleportation
 s - 2 scrolls of brand weapon
 t - 3 scrolls of revelation {unknown}
 w - 3 scrolls of fear
 C - 6 scrolls of identify
 D - 4 scrolls of amnesia
 E - 3 scrolls of vulnerability
 H - 3 scrolls of immolation {unknown}
 K - 3 scrolls of butterflies
 O - a scroll of acquirement {unknown}
 T - 3 scrolls of enchant weapon {unknown}
Potions
 c - 3 potions of enlightenment
 h - 8 potions of haste
 j - 7 potions of might
 l - 5 potions of mutation
 m - 7 potions of curing
 q - 4 potions of resistance
 x - 6 potions of brilliance
 z - 3 potions of heal wounds
 A - 3 potions of attraction
 B - 3 potions of cancellation {unknown}
 G - a potion of magic
 R - a potion of lignification
 S - 4 potions of ambrosia
 V - a potion of invisibility {unknown}
Miscellaneous
 J - a box of beasts (inert)
 N - a lightning rod (3/4)
 P - a condenser vane


   Skills:
 + Level 16.9 Fighting
 * Level 22.9 Axes
 + Level 16.8 Armour
 - Level 4.1 Dodging
 - Level 5.2 Shields
 + Level 2.4 Evocations


You had 14 spell levels left.
You didn't know any spells.
Your spell library was empty.

Dungeon Overview and Level Annotations

Branches:
Dungeon (15/15)            Temple (0/1) D:4            Lair (5/5) D:8
  Swamp (1/4) Lair:3       Spider (0/4) Lair:2        Slime (0/5) Lair:4
    Orc (2/2) D:11            Elf (0/3) Orc:2        Vaults (0/5) D:13
 Depths (0/4) D:15        Ossuary (visited)

Altars:
Cheibriados
Dithmenos
Fedhas
Hepliaklqana
Nemelex Xobeh
Vehumet
Wu Jian
The Shining One
Beogh

Shops:
D:4 *   D:12 ?   Orc:2 *([=(

Annotations:
D:12 2 transporters, exclusions: ice statue and oklob plant, Uklopt's ghost, journeyman DsGl
Orc:1 2 transporters


Innate Abilities, Weirdness & Mutations

You have a pair of horns on your head.
You reflexively headbutt those who attack you in melee.


Message History

The nine-headed hydra bites you but does no damage. x2
The nine-headed hydra barely misses you.
The nine-headed hydra bites you but does no damage.
The nine-headed hydra closely misses you.
The nine-headed hydra barely misses you.
The nine-headed hydra bites you but does no damage.
You completely miss the nine-headed hydra.
The nine-headed hydra is severely wounded.
You slice the spriggan druid!!
With its final breath, the spriggan druid offers up its power to the beasts of the wild!
The nine-headed hydra is healed.
The alligator seems to grow more fierce.
The nine-headed hydra seems to grow more fierce.
You kill the spriggan druid!
Trog accepts your kill.
Trog appreciates your killing of a magic user.
You hear a splash. x3
The forest abruptly stops moving.
The nine-headed hydra closely misses you.
The nine-headed hydra bites you. x2
The nine-headed hydra closely misses you.
The nine-headed hydra barely misses you. x2
The nine-headed hydra bites you!
* * * LOW HITPOINT WARNING * * *
The nine-headed hydra closely misses you.
The nine-headed hydra bites you but does no damage.
As you read the scroll of teleportation, it crumbles to dust.
You feel strangely unstable.
The nine-headed hydra closely misses you.
The nine-headed hydra bites you but does no damage.
The nine-headed hydra misses you. The nine-headed hydra bites you!
* * * LOW HITPOINT WARNING * * *
The nine-headed hydra bites you!
* * * LOW HITPOINT WARNING * * *
The nine-headed hydra bites you but does no damage.
The nine-headed hydra bites you!
* * * LOW HITPOINT WARNING * * *
The nine-headed hydra closely misses you.
The nine-headed hydra bites you!
You die...

♣.~~♣~...♣
♣♣~~.♣
♣..♣♣~.§♣♣
♣♣...♣
♣..♣.♣~~♣
♣♣~.. ♣§.
♣♣...♣♣
~... ♣~.
♣♣...♣ ♣.~~
♣. ♣♣.i♣♣
♣i.~♣♣
♣.$§.♣
♣.@~.♣♣
♣~D~..♣
♣~~~♣(♣
.l~~...♣
♣.~.#.....
....##...^#
.>~~..
#..##
~~>~... ###
♣♣..~...


You could see a nine-headed hydra (strong), an alligator (strong) and 2
spriggans.

Vanquished Creatures
  Jorgrun (D:13)
  Mlioglotl (Swamp:1)
  An orc warlord (Orc:1)
  An eleionoma (Lair:3)
  An ettin (D:15)
  Snorg (D:9)
  A fire dragon (D:9)
  Fannar (D:10)
  A vault guard (D:13)
  6 hydras
  An ogre mage (Orc:1)
  An alligator (Swamp:1)
  2 centaur warriors
  Erica (D:8)
  2 boulder beetles
  10 two-headed ogres
  A death yak (Lair:2)
  3 tengu warriors
  Nergalle (Lair:1)
  5 orc high priests
  11 spriggans (Lair:5)
  2 skysharks
  2 spriggan druids (Swamp:1)
  8 skeletal warriors
  A deep troll (D:15)
  A death drake (shapeshifter) (D:11)
  A lindwurm (Lair:4)
  Pikel (D:4)
  5 orc knights
  The ghost of pigah the Poker, a novice CoGl (D:5)
  5 deep elf pyromancers
  3 orc sorcerers
  4 manticores
  4 cyclopes
  11 ugly things
  7 kobold blastminers (Orc:2)
  A black mamba (shapeshifter) (D:15)
  8 black mambas
  10 elephants
  3 meliai (D:11)
  A gargoyle (D:13)
  13 cane toads
  2 unseen horrors
  3 rime drakes
  8 komodo dragons
  A yaktaur (D:15)
  2 tengu conjurers (D:15)
  A queen bee (Lair:3)
  4 polar bears (Lair:5)
  An efreet (D:15)
  6 trolls
  A jumping spider (Lair:2)
  5 hornets
  9 blink frogs
  7 dream sheep
  7 slime creatures
  A centaur simulacrum (D:13)
  3 shadows
  A wraith (D:12)
  3 vampires
  5 wyverns
  2 culicivoras (Lair:2)
  20 yaks
  10 wargs
  A golden eye (shapeshifter) (D:14)
  2 steam dragons
  2 vampire mosquitoes (D:13)
  7 basilisks
  A redback (Lair:2)
  The ghost of Dazliare the Shooter, an amateur CoEn of Trog (D:3)
  12 water moccasins
  2 sky beasts (shapeshifter)
  32 orc warriors
  3 sky beasts (D:7)
  7 black bears
  4 boggarts (Lair:5)
  5 ogres
  3 centaurs
  29 wolves
  4 phantoms
  A wolf (shapeshifter) (D:15)
  A lemure (D:4)
  4 kobold brigands
  15 bullfrogs
  A gnoll sergeant (D:13)
  3 scorpions
  18 wights
  23 killer bees (Lair:3)
  4 howler monkeys
  3 electric eels (Lair:1)
  A bombardier beetle (D:7)
  3 hounds
  9 jellies
  15 orc priests
  A gnoll bouda (Lair:1)
  2 sleepcaps
  Jessica (D:2)
  6 iguanas
  28 orc wizards
  8 mummies (Ossuary)
  Robin (D:4)
  12 adders
  9 gnolls
  A shadow imp (D:7)
  2 white imps
  2 ufetubi (D:7)
  2 dart slugs
  2 ribbon worms
  56 orcs
  3 bats
  11 endoplasms
  3 giant cockroaches (D:2)
  16 goblins
  5 hobgoblins
  16 jackals
  20 kobolds
  5 quokkas
  3 ball pythons
  2 frilled lizards
  2 gnoll zombies (Ossuary)
  3 hobgoblin zombies (Ossuary)
  A kobold zombie (Ossuary)
  2 orc zombies (Ossuary)
  10 rats
698 creatures vanquished.

Notes
Turn   | Place    | Note
-------+----------+-------------------------------------------
     0 | D:1      | Griffin23 the Minotaur Berserker began the quest for the
                  | Orb.
     0 | D:1      | Reached XP level 1. HP: 19/19 MP: 0/0
   224 | D:1      | Reached XP level 2. HP: 25/27 MP: 1/1
   589 | D:1      | Reached skill level 4 in Axes
   727 | D:2      | Reached XP level 3. HP: 33/33 MP: 2/2
   803 | D:2      | Reached ** piety under Trog
   921 | D:2      | Noticed Jessica
   928 | D:2      | Killed Jessica
   929 | D:2      | Reached XP level 4. HP: 24/40 MP: 3/3
  1208 | D:3      | Identified the +0 leather armour of Beogh's Esteem {Fly
                  | Str+5}
  1379 | D:3      | Noticed a bullfrog
  1389 | D:3      | Killed a bullfrog
  1390 | D:3      | Reached skill level 5 in Axes
  1390 | D:3      | Reached XP level 5. HP: 26/47 MP: 4/4
  1583 | D:3      | Noticed a black bear
  1587 | D:3      | Noticed a steam dragon
  1593 | D:3      | Killed a black bear
  1594 | D:3      | Reached XP level 6. HP: 55/55 MP: 5/5
  1600 | D:3      | Killed a steam dragon
  1601 | D:3      | Reached skill level 5 in Fighting
  1601 | D:3      | Reached skill level 6 in Axes
  1636 | D:3      | Found a runed translucent gate.
  1636 | D:3      | Found a runed translucent gate.
  1636 | D:3      | Found a runed translucent gate.
  1636 | D:3      | Noticed Dazliare's ghost (amateur CoEn)
  1916 | D:3      | Killed Dazliare's ghost
  1917 | D:3      | Reached skill level 1 in Shields
  1917 | D:3      | Reached XP level 7. HP: 61/61 MP: 6/6
  2048 | D:4      | Found a radiant altar of Vehumet.
  2085 | D:4      | Noticed Robin
  2091 | D:4      | Reached *** piety under Trog
  2098 | D:4      | Reached skill level 7 in Axes
  2107 | D:4      | Killed Robin
  2228 | D:4      | Found Udally's Gadget Gallery.
  2303 | D:4      | Reached skill level 5 in Armour
  2351 | D:4      | Found a staircase to the Ecumenical Temple.
  2522 | D:4      | Found a shadowy altar of Dithmenos.
  2522 | D:4      | Found a glowing golden altar of the Shining One.
  2659 | D:5      | Entered Level 5 of the Dungeon
  2713 | D:5      | Found a transporter.
  2716 | D:5      | Noticed pigah's ghost (novice CoGl)
  2718 | D:5      | Noticed a shadow
  2742 | D:5      | Noticed Pikel
  2806 | D:4      | Killed Pikel
  2807 | D:4      | Reached skill level 8 in Axes
  2807 | D:4      | Reached XP level 8. HP: 71/71 MP: 7/7
  3055 | D:5      | Reached skill level 9 in Axes
  3147 | D:5      | Found a transporter.
  3218 | D:5      | You fall into a shaft and drop 1 floor!
  3234 | D:6      | Found a sand-covered staircase.
  3236 | D:6      | Noticed a hornet
  3246 | D:6      | Killed a hornet
  3262 | Ossuary  | Entered an ossuary
  3302 | Ossuary  | Reached **** piety under Trog
  3416 | Ossuary  | Reached XP level 9. HP: 79/79 MP: 8/8
  3660 | D:6      | Reached skill level 5 in Shields
  3709 | D:6      | Reached skill level 10 in Axes
  4093 | D:6      | Found a snail-covered altar of Cheibriados.
  4094 | D:6      | Found a sparkling altar of Nemelex Xobeh.
  4094 | D:6      | Found an ornate altar of the Wu Jian Council.
  4440 | D:7      | Reached skill level 11 in Axes
  4461 | D:7      | Reached ***** piety under Trog
  4673 | D:7      | Found a hazy altar of Hepliaklqana.
  4738 | D:7      | Reached XP level 10. HP: 70/90 MP: 9/9
  4931 | D:7      | Received a gift from Trog
  5063 | D:8      | Noticed Erica
  5082 | D:8      | Killed Erica
  5083 | D:8      | Reached skill level 12 in Axes
  5334 | D:8      | Noticed an elephant
  5348 | D:8      | Killed an elephant
  5349 | D:8      | Found a staircase to the Lair.
  5449 | D:8      | Reached skill level 13 in Axes
  5667 | D:8      | Noticed a two-headed ogre
  5676 | D:8      | Killed a two-headed ogre
  5677 | D:8      | Reached skill level 10 in Fighting
  7100 | D:9      | Reached skill level 10 in Armour
  7431 | D:9      | Noticed a fire dragon
  7460 | D:9      | Killed a fire dragon
  7461 | D:9      | Reached skill level 14 in Axes
  7461 | D:9      | Reached XP level 11. HP: 40/101 MP: 10/10
  8758 | D:10     | Entered Level 10 of the Dungeon
  8963 | D:10     | Noticed Fannar
  8964 | D:10     | Noticed Snorg
  8965 | D:10     | Paralysed by a hornet for 1 turns
  8981 | D:10     | Paralysed by a hornet for 1 turns
  9175 | D:9      | Killed Snorg
  9219 | D:10     | Killed Fannar
 10087 | Lair:1   | Entered Level 1 of the Lair of Beasts
 10286 | Lair:1   | Noticed Nergalle
 10291 | Lair:1   | Killed Nergalle
 10403 | Lair:1   | Reached skill level 15 in Axes
 10799 | D:4      | Bought a wand of flame (16) for 156 gold pieces
 10799 | D:4      | Bought a lightning rod (4/4) for 560 gold pieces
 11915 | Lair:2   | Noticed a death yak
 11925 | Lair:2   | Killed a death yak
 11960 | Lair:2   | Noticed a five-headed hydra
 11968 | Lair:2   | Reached skill level 16 in Axes
 11968 | Lair:2   | Reached XP level 12. HP: 67/112 MP: 11/11
 11972 | Lair:2   | Killed a 13-headed hydra
 12956 | Lair:2   | Found a hole to the Spider Nest.
 13300 | Lair:3   | Reached skill level 17 in Axes
 13543 | Lair:3   | Noticed an eleionoma
 13546 | Lair:3   | Found a staircase to the Swamp.
 13551 | Lair:3   | Killed an eleionoma
 13881 | Lair:3   | Reached skill level 18 in Axes
 14014 | Lair:4   | Reached XP level 13. HP: 98/122 MP: 12/12
 14209 | Lair:4   | Found a staircase to the Slime Pits.
 15061 | Lair:5   | Entered Level 5 of the Lair of Beasts
 15948 | Lair:5   | Reached skill level 19 in Axes
 17012 | Lair:5   | Received a gift from Trog
 17497 | Lair:5   | Identified the +5 chain mail of Insatiable Hunger {Int+2}
 17911 | D:11     | Reached XP level 14. HP: 133/133 MP: 13/13
 17912 | D:11     | Reached skill level 20 in Axes
 18510 | D:11     | Reached skill level 15 in Fighting
 18558 | D:11     | Found a staircase to the Orcish Mines.
 18648 | D:11     | Received a gift from Trog
 18895 | D:11     | Reached skill level 15 in Armour
 19329 | D:12     | Found Vyisit's Magic Scroll Emporium.
 19434 | D:12     | Found a transporter.
 19466 | D:12     | Bought a scroll of blinking for 120 gold pieces
 19466 | D:12     | Bought a scroll of teleportation for 48 gold pieces
 19466 | D:12     | Bought a scroll of identify for 32 gold pieces
 19763 | D:12     | Found a transporter.
 19763 | D:12     | Noticed Uklopt's ghost (journeyman DsGl)
 20169 | D:5      | Killed pigah's ghost
 20427 | D:13     | Reached skill level 21 in Axes
 20750 | D:13     | Noticed Jorgrun
 20761 | D:13     | Killed Jorgrun
 21041 | D:13     | Found a gate to the Vaults.
 21306 | D:14     | Found a blossoming altar of Fedhas.
 22061 | D:14     | Found a shadowy altar of Dithmenos.
 22260 | D:14     | Identified the +4 executioner's axe of the Spider Nest
                  | {flame, rPois Str+3 Dex+3} (Trog gifted it to you on level
                  | 14 of the Dungeon)
 22260 | D:14     | Received a gift from Trog
 22473 | D:15     | Entered Level 15 of the Dungeon
 22519 | D:15     | Reached XP level 15. HP: 112/144 MP: 14/14
 22910 | D:15     | Found a snail-covered altar of Cheibriados.
 22962 | D:15     | Reached skill level 22 in Axes
 23044 | D:15     | Found a staircase to the Depths.
 23589 | Orc:1    | Entered Level 1 of the Orcish Mines
 23898 | Orc:1    | Paralysed by an ogre mage for 3 turns
 24457 | Orc:1    | Found a roughly hewn altar of Beogh.
 24515 | Orc:1    | Found a transporter.
 24521 | Orc:1    | Found a roughly hewn altar of Beogh.
 24521 | Orc:1    | Found a transporter.
 24567 | Orc:2    | Entered Level 2 of the Orcish Mines
 25280 | Orc:2    | Found a staircase to the Elven Halls.
 25281 | Orc:2    | Found Rizopn's Antique Weapon Boutique.
 25363 | Orc:1    | Reached skill level 1 in Evocations
 25511 | Orc:2    | Found Yvawaps's Jewellery Shop.
 25533 | Orc:2    | Received a gift from Trog
 25593 | Orc:2    | Found Bil Byf's Antique Armour Shoppe.
 25740 | Orc:2    | Found Hiefulomy's General Store.
 25856 | Orc:2    | Found Bugg's Antique Weapon Shoppe.
 26015 | Orc:2    | Bought a runed executioner's axe for 455 gold pieces
 26264 | Swamp:1  | Entered Level 1 of the Swamp
 26315 | Swamp:1  | Noticed Mlioglotl
 26323 | Swamp:1  | Killed Mlioglotl
 26329 | Swamp:1  | Mangled by a nine-headed hydra

Illustrated notes

Levels and vault maps discovered:
D:1:      lemuel_arrival_river_bridge, layout_basic
D:2:      layout_basic, minmay_misc_feat_four_crosses, uniq_jessica
D:3:      layout_loops_ring, gammafunk_ghost_split
D:4:      layout_cave_pools, lemuel_tele_altar, nicolae_overflow_two_pavilions,
          minmay_temple_entry_statues_fountains, nicolae_shop_gadgets,
          uniq_robin
D:5:      layout_loops_cross, gammafunk_ghost_arena, st_stairs_9, uniq_duvessa,
          uniq_pikel
D:6:      layout_rooms, gammafunk_temple_overflow_claw,
          nicolae_ossuary_entry_monument
D:7:      layout_basic, mainiacjoe_overflow_tiny_flanked
D:8:      layout_layer_cave, david_lair_generic, uniq_erica
D:9:      dragon1_lemuel, layout_basic, hex_intersection
D:10:     layout_cave_pods, uniq_snorg, uniq_fannar
D:11:     minmay_the_grid_four_pointed_star
          [minmay_the_grid_triangle_9x9_descending_squares,
          minmay_the_grid_triangle_9x9_from_above,
          minmay_the_grid_triangle_9x9_corruption,
          minmay_the_grid_triangle_9x9_shrine, minmay_the_grid_prize_big_room],
          layout_basic, david_orc_4, serial_bayou_pond_a, nooodl_orcs_dogs
D:12:     layout_basic, nzn_ghost_randoct, serial_shops, nicolae_stop_n_shop_2
D:13:     layout_roguey, david_vaults_5, minivault_4, uniq_jorgrun
D:14:     layout_gridville, fedhas_altar_1, grunt_dithmenos_shadows
D:15:     hangedman_depths_entry_civil_slaughter, layout_basic, glass_columns_a,
          minmay_misc_feat_alley, slow_altar_1
Lair:1:   layout_loops_ring, dreamdust_gnoll_shepherd, serial_bayou_shore_a,
          uniq_nergalle
Lair:2:   layout_long_grid, spider_nest_entry_funnel_web,
          minmay_shattered_shrine
Lair:3:   layout_hall_layers, alex1729_swamp_entry_worm_eleionoma, special_room
          [special_room_bee], st_stairs_8, beast_lair_carwin_2,
          infiniplex_staircase_pool_2
Lair:4:   layout_concentric_octagons, nicolae_slime_entry_slimehenge,
          chequers_serial_rivers_micro_e
Lair:5:   minmay_lair_end_enchanted_forest, layout_cave_pods, grunt_megastairs_4
Swamp:1:  layout_falls_marsh, evilmike_swamp_ruin_house_4, grunt_ruined_hall,
          uniq_mlioglotl
Orc:1:    gammafunk_beogh_shrine, layout_caves, nicolae_orc_lost_temple
Orc:2:    grunt_orc_gardens, layout_caves, grunt_orc_garden, grunt_orc_garden,
          grunt_orc_garden, grunt_orc_garden, serial_shops,
          nicolae_shop_peninsula, nicolae_volcano_entry_hallway

Skill      XL: |  1  2  3  4  5  6  7  8  9 10 11 12 13 14 15 |
---------------+----------------------------------------------+-----
Axes           | 4 5 6 8 9 11 14 16 18 19 21 22 | 22.9
Fighting       | 4 5 6 7 8 10 11 13 14 16 | 16.9
Armour         | 3 4 6 8 10 11 13 14 15 16 | 16.8
Dodging        | 3 4 |  4.1
Shields        | 1 3 4 5 |  5.2
Evocations     | 2 |  2.4

Action                     |  1- 3 |  4- 6 |  7- 9 | 10-12 | 13-15 || total
---------------------------+-------+-------+-------+-------+-------++-------
  Melee: Hand axe          |    73 |    93 |   225 |       |       ||   391
         Headbutt          |    13 |    18 |    62 |    83 |   175 ||   351
         Battleaxe         |       |       |    95 |   401 |   542 ||  1038
         Executioner's axe |       |       |       |       |   230 ||   230
 Invoke: Berserk           |       |     2 |     3 |    11 |     8 ||    24
  Evoke: Wand              |       |       |       |     3 |     6 ||     9
         Lightning rod     |       |       |       |       |     2 ||     2
         Box of beasts     |       |       |       |       |     1 ||     1
    Use: Scroll            |       |       |       |     9 |    13 ||    22
         Potion            |       |       |       |     9 |     4 ||    13
   Stab: Distracted        |       |       |       |       |     1 ||     1
 Armour: Animal skin       |     2 |       |       |       |       ||     2
         Ice dragon scales |    45 |    65 |   235 |   383 |   556 ||  1284
         Plate armour      |       |       |       |       |   106 ||   106
  Dodge: Dodged            |    41 |    42 |   127 |   351 |   526 ||  1087
  Block: Kite shield       |       |     6 |    88 |       |       ||    94

Table legend: (Time is in decaauts)
 A = Elapsed time spent in this place.
 B = Non-inter-level travel time spent in this place.
 C = Inter-level travel time spent in this place.
 D = Time resting spent in this place.
 E = Time spent auto-exploring this place.
 F = Levels seen in this place.
 G = Mean time per level.
                   A        B        C        D        E       F      G
               +--------+--------+--------+--------+--------+-----+--------+
         Total |  26441 |  24462 |   1979 |   7190 |  13093 |  24 | 1101.7 |
       Dungeon |  16338 |  15098 |   1240 |   4352 |   8277 |  15 | 1089.2 |
          Lair |   7612 |   7005 |    607 |   2189 |   3744 |   5 | 1522.4 |
         Swamp |     72 |     72 |      0 |      0 |     46 |   1 |   72.0 |
  Orcish Mines |   2099 |   1969 |    130 |    563 |    906 |   2 | 1049.5 |
       Ossuary |    318 |    318 |      0 |     85 |    119 |   1 |  318.0 |
               +--------+--------+--------+--------+--------+-----+--------+

Top non-repeatable levels by time:
     D:9: 2606 daAuts
  Lair:4: 2191 daAuts
    D:11: 1798 daAuts
  Lair:2: 1705 daAuts
  Lair:5: 1471 daAuts
   Orc:1: 1447 daAuts
     D:8: 1313 daAuts
     D:7: 1309 daAuts
  Lair:1: 1280 daAuts
    D:14: 1209 daAuts
    D:10: 1134 daAuts
    D:15: 972 daAuts
  Lair:3: 963 daAuts
    D:13: 952 daAuts
     D:4: 934 daAuts
